 Dungeon Crawl Stone Soup version 0.27.1-4-g1640c2035a (webtiles) character file.

Game seed: 15097539250730658212

382 zeram the Magician (level 6, 0/28 HPs)
             Began as a Spriggan Conjurer on Nov 10, 2021.
             Slain by a wyvern zombie (8 damage)
             ... on level 7 of the Dungeon.
             The game lasted 00:08:55 (3399 turns).

zeram the Magician (Spriggan Conjurer)              Turns: 3399, Time: 00:08:56

Health: 0/28       AC:  2    Str:  3    XL:     6   Next: 47%
Magic:  16/23      EV: 18    Int: 22    God:
Gold:   1445       SH:  0    Dex: 13    Spells: 12/15 levels left

rFire    . . .     SeeInvis +   c - +0 dagger (venom)
rCold    . . .     Faith    .   (shield restricted)
rNeg     . . .     Spirit   .   a - +0 robe
rPois    .         Reflect  .   (helmet restricted)
rElec    .         Harm     .   (no cloak)
rCorr    .         Rampage  .   (gloves unavailable)
Will     +....                  (boots unavailable)
Stlth    ++........             (no amulet)
HPRegen  0.09/turn              g - ring of magical power
MPRegen  0.18/turn              (no ring)

@: very quick
A: very small, no large weapons, unfitting armour, see invisible, speed 3
a: no special abilities


You were on level 7 of the Dungeon.
You visited 1 branch of the dungeon, and saw 5 of its levels.

You collected 1445 gold pieces.

Inventory:

Hand Weapons
 c - a +0 dagger of venom (weapon)
 h - a +0 dagger
Armour
 a - a +0 robe (worn)
Jewellery
 g - a ring of magical power (left hand)
Scrolls
 d - a scroll of torment {unknown}
 j - a scroll of enchant armour {unknown}
 k - a scroll of enchant weapon {unknown}
 l - a scroll of identify {unknown}
 m - a scroll of noise {unknown}
Potions
 b - a potion of might {unknown}
 e - 2 potions of lignification {unknown}
 f - a potion of resistance {unknown}
 i - a potion of heal wounds {unknown}


   Skills:
 + Level 4.1 Dodging
 - Level 3.0 Stealth
 + Level 5.2 Spellcasting
 + Level 4.8 Conjurations


You had 12 spell levels left.
You knew the following spells:

 Your Spells              Type           Power      Damage    Failure   Level
a - Magic Dart            Conj           100%       1d8       1%          1
b - Searing Ray           Conj           54%        3d5       1%          2

Your spell library contained the following spells:

 Spells                   Type           Power      Damage    Failure   Level
 Shock                    Conj/Air       64%        1d7       3%          1
 Dazzling Flash           Conj/Hex       32%        N/A       11%         3
 Fulminant Prism          Conj/Hex       8%         3d7       36%         4
 Iskenderun's Mystic Bla  Conj/Tloc      16%        2d5       36%         4


Dungeon Overview and Level Annotations

Branches:
Dungeon (4/15)
 Temple: D:4-7

Altars:

Annotations:
D:3 pkoi's ghost, amateur MiFi


Innate Abilities, Weirdness & Mutations

You are very small and have problems with some larger weapons.
You are too small for most types of armour.
You have supernaturally acute eyesight. (SInv)
You cover ground extremely quickly. (Speed+++)


Message History

You kill the orc!
Casting: Magic Dart (safe; 1% risk of failure)
Confirm with . or Enter, or press ? or * to list all spells.
Aiming: Magic Dart (safe; 1% risk of failure)
Press: ? - help, Shift-Dir - straight line, f - wyvern zombie
Aim: a wyvern zombie (100% to hit)
The magic dart hits the wyvern zombie.
The wyvern zombie is lightly damaged.
Casting: Magic Dart (safe; 1% risk of failure)
Confirm with . or Enter, or press ? or * to list all spells.
Aiming: Searing Ray (safe; 1% risk of failure)
Press: ? - help, Shift-Dir - straight line, f/p - wyvern zombie
Aim: a wyvern zombie (lightly damaged, 93% to hit)
The searing ray hits the wyvern zombie.
The wyvern zombie is moderately damaged. (Press . to maintain the ray.)
The wyvern zombie barely misses you. The wyvern zombie bites you!
Casting: Searing Ray (safe; 1% risk of failure)
Confirm with . or Enter, or press ? or * to list all spells.
Aiming: Searing Ray (safe; 1% risk of failure)
Press: ? - help, Shift-Dir - straight line, f/p - wyvern zombie
Aim: a wyvern zombie (moderately damaged, 93% to hit)
The searing ray hits the wyvern zombie!
The wyvern zombie is heavily damaged.
The searing ray hits the orc.
The orc is severely wounded.
The searing ray hits the orc!
You kill the orc! (Press . to maintain the ray.)
The searing ray hits the wyvern zombie.
The wyvern zombie is heavily damaged.
The searing ray hits the orc.
You kill the orc!
The searing ray hits the orc!
You kill the orc!
The wyvern zombie bites you!
* * * LOW HITPOINT WARNING * * *
A centaur comes into view.
The wyvern zombie bites you!
You die...

..##### .......#. ##
...#.. ......c. #
#.##....###.....)#
.#.........##....###.
##...............).....
#.###.......>.#........
#.........##.#)...#
#..........#.Z....#
##.......##..@.....#
#.........#...........
#...#....######..#.....
######.#.# ########.
#####


You could see a centaur (wandering) and a wyvern zombie.

Vanquished Creatures
  2 necrophages (D:4)
  Blork the orc (D:4)
  A hound skeleton (D:4)
  4 adders
  3 river rats (D:3)
  An adder skeleton (D:4)
  2 worms (D:2)
  A dart slug (D:1)
  4 orcs (D:7)
  5 endoplasms
  4 giant cockroaches
  4 goblins
  6 hobgoblins
  4 jackals (D:2)
  A quokka (D:2)
  4 ball pythons
  2 bats
  3 frilled lizards
  4 kobolds
  6 rats
62 creatures vanquished.

Notes
Turn   | Place    | Note
-------+----------+-------------------------------------------
     0 | D:1      | zeram the Spriggan Conjurer began the quest for the Orb.
     0 | D:1      | Reached XP level 1. HP: 9/9 MP: 5/5
   258 | D:1      | Reached XP level 2. HP: 13/13 MP: 3/6
   313 | D:1      | Found a faded altar of an unknown god.
   332 | D:1      | Got Plato's Handbook of Blows and Bruises
  1316 | D:2      | Learned a level 2 spell: Searing Ray
  1410 | D:2      | Reached skill level 3 in Spellcasting
  1410 | D:2      | Reached XP level 3. HP: 16/16 MP: 3/8
  1788 | D:2      | Found Laumoiti's Antique Armour Emporium.
  1868 | D:2      | Identified a scroll of acquirement
  1868 | D:2      | Acquired 1264 gold pieces
  1980 | D:2      | Reached XP level 4. HP: 8/21 MP: 9/9
  2780 | D:3      | Found a runed translucent door.
  2781 | D:3      | Noticed pkoi's ghost (amateur MiFi)
  2890 | D:4      | Noticed a necrophage
  2891 | D:4      | Noticed a necrophage
  2907 | D:4      | Killed a necrophage
  2908 | D:4      | Reached skill level 4 in Spellcasting
  2908 | D:4      | Reached XP level 5. HP: 15/24 MP: 11/12
  2910 | D:4      | Killed a necrophage
  2911 | D:4      | Reached XP level 6. HP: 18/28 MP: 9/14
  3061 | D:4      | Noticed Blork the orc
  3074 | D:4      | Killed Blork the orc
  3075 | D:4      | Reached skill level 5 in Spellcasting
  3376 | D:4      | You fall into a shaft and drop 3 floors!
  3399 | D:7      | Slain by a wyvern zombie

Illustrated notes

Levels and vault maps discovered:
D:1:      ebering_hopf_link, layout_basic, shapermc_ecumenical_altar_rom_forum,
          chequers_serial_rivers_marsh
D:2:      layout_loops_ring, serial_shops, shop, nrook_loot_triangle
D:3:      layout_rooms, hangedman_ru_absence,
          nicolae_hepliaklqana_monster_ancestors, nicolae_vehumet_altar_sigil,
          ebering_ghost_sewer_f, serial_co_window_serial,
          co_window_of_opportunity_a, co_window_paths_b, co_window_corner_a,
          co_window_paths_a, co_window_paths_a, co_window_unsneaky_path_c,
          co_window_2corner, co_window_corner_ca, co_window_4corner_b
D:4:      corexii_shack_village, layout_basic, makhleb_blood_cavern_becter,
          uniq_natasha, uniq_blork_the_orc
D:7:      layout_cave_pools, minmay_temple_entry_purple_smoke, serial_shops,
          nicolae_shop_behind_doors, hex_large

Skill      XL: |  1  2  3  4  5  6 |
---------------+-------------------+-----
Conjurations   | 3 4 |  4.8
Dodging        | 3 4 |  4.1
Spellcasting   | 3 4 5 |  5.2
Stealth        | |  3.0

Action                   |  1- 3 |  4- 6 || total
-------------------------+-------+-------++-------
Melee: Unarmed           |     6 |       ||     6
       Dagger            |    45 |    15 ||    60
 Cast: Magic Dart        |    62 |    25 ||    87
       Searing Ray       |     6 |    15 ||    21
  Use: Scroll            |     1 |       ||     1
 Stab: Sleeping          |     1 |     1 ||     2
Armor: Robe              |    10 |     3 ||    13
Dodge: Dodged            |    38 |    29 ||    67
